 Dungeon Crawl Stone Soup version 0.26.0-10-g1f06aea511 (webtiles) character file.

Game seed: 13059896379743459508

297 Dracia the Stinger (level 6, -4/41 HPs)
             Began as a Demonspawn Venom Mage on Jan 17, 2021.
             Slain by a sky beast (5 damage)
             ... on level 5 of the Dungeon.
             The game lasted 00:09:28 (5160 turns).

Dracia the Stinger (Demonspawn Venom Mage)          Turns: 5160, Time: 00:09:28

Health: -4/41      AC:  3    Str:  9    XL:     6   Next: 12%
Magic:  0/9        EV: 11    Int: 24    God:
Gold:   67         SH:  0    Dex: 13    Spells: 3/9 levels left

rFire    + . .     SeeInvis .     - Unarmed
rCold    . . .     Faith    .   (no shield)
rNeg     . . .     Spirit   +   f - +0 leather armour
rPois    .         Reflect  .   (no helmet)
rElec    .         Harm     .   (no cloak)
rCorr    .         Rampage  .   (no gloves)
Will     .....                  (no boots)
Stlth    ++........             (no amulet)
HPRegen  0.13/turn              I - +6 ring of intelligence
MPRegen  0.11/turn              (no ring)

@: no status effects
A: claws 1, fire resistance 1, magic shield
a: no special abilities


You were on level 5 of the Dungeon.
You visited 1 branch of the dungeon, and saw 5 of its levels.

You collected 190 gold pieces.
You spent 123 gold pieces at shops.


Innate Abilities, Weirdness & Mutations

You have sharp fingernails.
Your flesh is heat resistant. (rF+)
When hurt, damage is shared between your health and your magic reserves.


   Skills:
 - Level 1.7 Dodging
 - Level 1.7 Stealth
 * Level 3.2 Unarmed Combat
 - Level 2.0 Spellcasting
 + Level 2.8 Transmutations
 + Level 0.4 Air Magic
 - Level 4.7 Poison Magic


You had 3 spell levels left.
You knew the following spells:

 Your Spells              Type           Power        Failure   Level
p - Poisonous Vapours     Pois/Air       28%          9%          2
z - Sting                 Tmut/Pois      80%          3%          1
X - Ignite Poison         Fire/Tmut/Pois 14%          19%         3

Your spell library contained the following spells:

 Spells                   Type           Power        Failure   Level
 Mephitic Cloud           Conj/Pois/Air  10%          26%         3
 Olgreb's Toxic Radiance  Pois           25%          24%         4

Inventory:

Missiles
 b - 15 poisoned darts
Armour
 a - a +0 robe
 f - a +0 leather armour (worn)
Jewellery
 I - a +6 ring of intelligence (left claw)
Wands
 k - a wand of flame (16)
Scrolls
 c - a scroll of magic mapping
 e - 4 scrolls of remove curse {@r2@r2}
 h - a scroll of fear
 i - 2 scrolls of teleportation {@r4@r4}
 o - a scroll of amnesia {unknown}
 s - a scroll of blinking {unknown}
 u - a scroll of random uselessness {unknown}
 v - a scroll of noise {unknown}
 w - a scroll of enchant armour
Potions
 d - a potion of flight
 j - a potion of degeneration {unknown}
 l - a potion of curing {unknown}
 n - a potion of haste {unknown}
 p - a potion of cancellation
 q - a potion of might
 t - a potion of magic

Dungeon Overview and Level Annotations

Branches:
Dungeon (5/15)             Temple (0/1) D:4

Altars:
Ashenzari
The Shining One

Shops:
D:5 ?

Portals:
Sewer: D:5

*****,,**#..##≈≈≈≈≈##...*,,_,,*,,
,,***,,*##..≈≈≈....≈≈.##***,*,***
,,,,*,,,....≈≈.....≈≈...*,,,,,*,,
,,,,*,,,.......≈∩..≈≈...##*.###..
,,,,*,,,....≈≈....≈≈≈....#,,.....
,,,,*,,,...≈≈≈.(...≈≈....#,,,....
,,,,+,,,,,,,*#≈≈w≈≈##....#,,,,...
,,,,*,,,,...##≈r≈{≈##....#,,,,,..
,*,**,,**#.....b@h..B...#**,,,*#.
**,***+**#...##+####w...#####+##.
*,,,,,,,.........................
*,,,,,,,..............≈..........
*,,,,,,,.............(.w.........
*,,,,,,,..............Bw.#....#..
,,,,,,,,*,...##.####...h.########
**********##**#.***####### *
*..,,,* #


You could see 2 worms, a hound, a river rat, a giant cockroach and a bat.


Message History

The bat closely misses you. The sky beast completely misses you.
The river rat bites you.
* * * LOW HITPOINT WARNING * * *
Unknown command.
You closely miss the hound. The hound bites you. The sky beast hits you.
* * * LOW HITPOINT WARNING * * *
The sky beast shocks you.
* * * LOW HITPOINT WARNING * * *
The hound bites you but does no damage. The river rat bites you.
* * * LOW HITPOINT WARNING * * *
Unknown command.
You closely miss the hound.
You feel less invigorated.
You feel less confused.
The bat hits you but does no damage. x2; The hound bites you.
The sky beast hits you.
* * * LOW HITPOINT WARNING * * *
The sky beast shocks you.
* * * LOW HITPOINT WARNING * * *
The river rat bites you!
* * * LOW HITPOINT WARNING * * *
You scratch the hound.
The hound is lightly wounded.
The bat misses you. The hound bites you.
* * * LOW HITPOINT WARNING * * *
The sky beast flickers out of sight!
Deactivating autopickup; reactivate with Ctrl-A.
Something hits you.
* * * LOW HITPOINT WARNING * * *
Something shocks you.
You die...

Skill      XL: |  1  2  3  4  5 |
---------------+----------------+-----
Transmutations | 1 2 |  2.8
Poison Magic   | 4 |  4.7
Unarmed Combat | 1 2 3 |  3.2
Dodging        | |  1.7
Stealth        | |  1.7
Spellcasting   | |  2.0
Air Magic      | |  0.4

Action                   |  1- 3 |  4- 6 || total
-------------------------+-------+-------++-------
Melee: Unarmed           |    30 |   200 ||   230
       Punch             |       |     1 ||     1
 Cast: Sting             |    65 |    11 ||    76
       Poisonous Vapours |       |    38 ||    38
  Use: Scroll            |     7 |     6 ||    13
       Potion            |       |     3 ||     3
 Stab: Sleeping          |       |     1 ||     1
       Distracted        |       |     1 ||     1
Armor: Robe              |    11 |     2 ||    13
       Leather armour    |       |    43 ||    43
Dodge: Dodged            |    52 |   130 ||   182

Levels and vault maps discovered:
D:1:      minmay_arrival_loop, layout_loops_ring, st_stairs_5,
          minmay_misc_feat_pillars, minmay_quantized
D:2:      layout_basic, lemuel_round_altar, serial_rivers,
          chequers_serial_rivers_small_a, chequers_serial_rivers_small_b,
          chequers_serial_rivers_micro_c, chequers_serial_rivers_small_a
D:3:      layout_loops_ring, minmay_rat_hole
D:4:      layout_loops_corners, minmay_temple_entry_arrows,
          nicolae_tso_carved_into_rock
D:5:      layout_gridville, serial_shops, shop_coins,
          cheibrodos_sewer_entry_sluice, kennysheep_decorative_pillar,
          nicolae_gozag_cash_rules_everything_around_me, uniq_grinder

Notes
Turn   | Place    | Note
-------+----------+-------------------------------------------
     0 | D:1      | Dracia the Demonspawn Venom Mage began the quest for the
                  | Orb.
     0 | D:1      | Reached XP level 1. HP: 13/13 MP: 3/3
    57 | D:1      | Reached skill level 1 in Transmutations
   210 | D:1      | Gained mutation: When hurt, damage is shared between your
                  | health and your magic reserves. [demonic ancestry]
   210 | D:1      | Reached XP level 2. HP: 19/19 MP: 1/5
   213 | D:1      | Learned a level 2 spell: Poisonous Vapours
   911 | D:1      | You fall into a shaft and drop 1 floor!
  1026 | D:2      | Reached skill level 4 in Poison Magic
  1026 | D:2      | Gained mutation: You have sharp fingernails. [demonic
                  | ancestry]
  1026 | D:2      | Reached XP level 3. HP: 17/24 MP: 0/6
  1640 | D:2      | Found a broken altar of Ashenzari.
  1656 | D:2      | Reached skill level 1 in Unarmed Combat
  2012 | D:2      | Learned a level 3 spell: Ignite Poison
  2028 | D:3      | Reached XP level 4. HP: 28/30 MP: 4/7
  2044 | D:3      | Reached skill level 2 in Transmutations
  3040 | D:3      | Reached skill level 2 in Unarmed Combat
  3214 | D:3      | Reached XP level 5. HP: 32/35 MP: 6/8
  3562 | D:4      | Found a glowing golden altar of the Shining One.
  3813 | D:4      | Found a staircase to the Ecumenical Temple.
  4510 | D:4      | Reached skill level 3 in Unarmed Combat
  4826 | D:5      | Entered Level 5 of the Dungeon
  4846 | D:5      | Found Kaopt's Magic Scroll Boutique.
  4850 | D:5      | Bought a scroll of identify for 26 gold pieces
  4850 | D:5      | Bought a scroll of enchant armour for 97 gold pieces
  4874 | D:5      | HP: 3/35 [poisoned by an adder]
  5092 | D:5      | Gained mutation: Your flesh is heat resistant. (rF+)
                  | [demonic ancestry]
  5092 | D:5      | Reached XP level 6. HP: 22/41 MP: 7/9
  5113 | D:5      | Noticed a sky beast
  5126 | D:5      | Found a glowing drain.
  5135 | D:5      | HP: 1/41 [something (5)]
  5150 | D:5      | HP: 2/41 [something (4)]
  5160 | D:5      | HP: 1/41 [something (4)]
  5160 | D:5      | Slain by a sky beast

Vanquished Creatures
  A centaur skeleton (D:5)
  An iguana (D:4)
  2 worker ants (D:4)
  7 adders
  An ufetubus (D:5)
  An ooze (D:1)
  10 worms
  3 dart slugs
  2 leopard geckos
  8 orcs
  3 giant cockroaches
  A goblin (D:2)
  9 hobgoblins
  5 jackals
  2 quokkas (D:3)
  6 bats
  4 frilled lizards
  4 kobolds
  24 rats
94 creatures vanquished.

Table legend: (Time is in decaauts)
 A = Elapsed time spent in this place.
 B = Non-inter-level travel time spent in this place.
 C = Inter-level travel time spent in this place.
 D = Time resting spent in this place.
 E = Time spent auto-exploring this place.
 F = Levels seen in this place.
 G = Mean time per level.
                   A        B        C        D        E       F      G
               +--------+--------+--------+--------+--------+-----+--------+
         Total |   5160 |   4950 |    210 |    743 |   3508 |   5 | 1032.0 |
       Dungeon |   5160 |   4950 |    210 |    743 |   3508 |   5 | 1032.0 |
               +--------+--------+--------+--------+--------+-----+--------+

Top non-repeatable levels by time:
     D:3: 1353 daAuts
     D:4: 1312 daAuts
     D:2: 1191 daAuts
     D:1: 969 daAuts
     D:5: 333 daAuts

Table legend:
 A = Non-vault XP
 B = Vault XP
 C = Vault XP percentage of total XP
 D = Non-vault monster count
 E = Vault monster count
 F = Vault count percentage of total count
                 A         B        C        D         E       F
            +---------+---------+-------+---------+---------+-------
      Total |     405 |      20 |   4.7 |      75 |      19 |  20.2
            +---------+---------+-------+---------+---------+-------
        D:1 |      29 |       0 |   0.0 |      12 |       0 |   0.0
        D:2 |      67 |       0 |   0.0 |      20 |       0 |   0.0
        D:3 |      93 |      20 |  17.7 |      29 |      19 |  39.6
        D:4 |     146 |       0 |   0.0 |       8 |       0 |   0.0
        D:5 |      70 |       0 |   0.0 |       6 |       0 |   0.0
            +---------+---------+-------+---------+---------+-------
